TOP OF THE 1ST |
Kalamazoo Royale with Cheese batting - Pitching for St Charles Sheens : RHP Bill Hines
|
Pitching: RHP Bill Hines
|
|
Batting: RHB Andy Aiton
|
0-0: Called Strike 0-1: Foul Ball, location: 2F 0-2: Strikes out looking
|
Batting: LHB Doyle Otterburn
|
0-0: Ball 1-0: Ball 2-0: Ball 3-0: Base on Balls
|
Batting: LHB Tom Blake
|
Pickoff Throw to First - Out! 0-0: Fly out, F7 (Flyball, 7S)
|
Top of the 1st over - 0 run(s), 0 hit(s), 0 error(s), 0 left on base; Kalamazoo 0 - St Charles 0 |
BOTTOM OF THE 1ST |
St Charles Sheens batting - Pitching for Kalamazoo Royale with Cheese : LHP Salvador Castro
|
Pitching: LHP Salvador Castro
|
|
Batting: RHB Jesús Hernández
|
0-0: Called Strike 0-1: Foul Ball, location: 2F 0-2: Ball 1-2: Ground out 5-3 (Groundball, 56S)
|
Batting: RHB Bill Little
|
0-0: Ball 1-0: Called Strike 1-1: Ball 2-1: Ball 3-1: Foul Ball, location: 2F 3-2: Fly out, F9 (Flyball, 9LS)
|
Batting: RHB Dan Tyler
|
0-0: Ball 1-0: Ground out 6-3 (Groundball, 56)
|
Bottom of the 1st over - 0 run(s), 0 hit(s), 0 error(s), 0 left on base; Kalamazoo 0 - St Charles 0 |
TOP OF THE 2ND |
Kalamazoo Royale with Cheese batting - Pitching for St Charles Sheens : RHP Bill Hines
|
Batting: LHB Donovan Bird
|
0-0: Ground out 6-3 (Groundball, 6)
|
Batting: LHB Roberto Sandoval
|
0-0: Ball 1-0: Swinging Strike 1-1: Ground out U3 (Groundball, 3L)
|
Batting: RHB Tae-kwon Kwon
|
0-0: Swinging Strike 0-1: Ball 1-1: Ball 2-1: Ball 3-1: Base on Balls
|
Batting: LHB Bill McJannett
|
0-0: Called Strike 0-1: Ball 1-1: Ball 2-1: Ball 3-1: Foul Ball, location: 2F 3-2: SINGLE (Line Drive, 4) Tae-kwon Kwon to second Tae-kwon Kwon to third
|
Batting: RHB Jorge Márquez
|
0-0: Ball 1-0: Fielders Choice at 2nd, 4-6 (Groundball, 34)
|
Top of the 2nd over - 0 run(s), 1 hit(s), 0 error(s), 1 left on base; Kalamazoo 0 - St Charles 0 |
BOTTOM OF THE 2ND |
St Charles Sheens batting - Pitching for Kalamazoo Royale with Cheese : LHP Salvador Castro
|
Batting: RHB Sergio Pujols
|
0-0: Ground out 5-3 (Groundball, 56S)
|
Batting: LHB Stan Bates
|
0-0: SINGLE (Flyball, 78S)
|
Batting: RHB Alfredo Hernández
|
0-0: Called Strike 0-1: Foul Ball, location: 2F 0-2: Ball 1-2: Strikes out looking
|
Batting: LHB Larry Howard
|
0-0: Called Strike 0-1: Fielders Choice at 2nd, 4-6 (Groundball, 4)
|
Bottom of the 2nd over - 0 run(s), 1 hit(s), 0 error(s), 0 left on base; Kalamazoo 0 - St Charles 0 |
TOP OF THE 3RD |
Kalamazoo Royale with Cheese batting - Pitching for St Charles Sheens : RHP Bill Hines
|
Batting: RHB Pedro Rosado
|
0-0: SINGLE (Groundball, 56D)
|
Batting: RHB Andy Aiton
|
0-0: Foul Ball, location: 2F 0-1: Ball 1-1: Swinging Strike 1-2: Ball 2-2: Ground out 4-3 (Groundball, 34) Pedro Rosado to second
|
Batting: LHB Doyle Otterburn
|
0-0: Ball 1-0: Foul Ball, location: 2F 1-1: Ball 2-1: Foul Ball, location: 2F 2-2: Ball 3-2: Base on Balls
|
Batting: LHB Tom Blake
|
0-0: Called Strike 0-1: Ball 1-1: Ball 2-1: Ball 3-1: Foul Ball, location: 2F 3-2: Base on Balls Pedro Rosado to third Doyle Otterburn to second
|
Batting: LHB Donovan Bird
|
0-0: Ball 1-0: Called Strike 1-1: Foul Ball, location: 2F 1-2: Fly out, F9 (Flyball, 9D) Runner from 3rd tags up, SCORES, no throw
|
Batting: LHB Roberto Sandoval
|
0-0: Ball 1-0: Swinging Strike 1-1: Ball 2-1: Foul Ball, location: 2F 2-2: DOUBLE (Line Drive, 89XD) Doyle Otterburn scores Tom Blake to third
|
Batting: RHB Tae-kwon Kwon
|
0-0: Called Strike 0-1: Ball 1-1: Ball 2-1: Ground out 1-3 (Groundball, 15S)
|
Top of the 3rd over - 2 run(s), 2 hit(s), 0 error(s), 2 left on base; Kalamazoo 2 - St Charles 0 |
BOTTOM OF THE 3RD |
St Charles Sheens batting - Pitching for Kalamazoo Royale with Cheese : LHP Salvador Castro
|
Batting: RHB Daniel Robert
|
0-0: Called Strike 0-1: Ball 1-1: Called Strike 1-2: SOLO HOME RUN (Line Drive, 7LD), Distance : 373 ft
|
Batting: RHB Miguel Palácios
|
0-0: Ball 1-0: Called Strike 1-1: Reached on error, E4 (Groundball, 4S)
|
Batting: RHB Jesús Hernández
|
0-0: SINGLE (Groundball, 56D) Miguel Palácios to second
|
Batting: RHB Bill Little
|
0-0: Called Strike 0-1: Ball 1-1: DOUBLE (Line Drive, 7LM) Miguel Palácios scores Jesús Hernández to third Runner from 3rd tries for Home, SAFE, no throw
|
Batting: RHB Dan Tyler
|
0-0: Ball 1-0: Foul Ball, location: 2F 1-1: Ground out 3-1 (Groundball, 34) Bill Little to third
|
Batting: RHB Sergio Pujols
|
0-0: Ball 1-0: Ball 2-0: Called Strike 2-1: Called Strike 2-2: Foul Ball, location: 2F 2-2: Ground out 6-3 (Groundball, 56) Bill Little scores
|
Batting: LHB Stan Bates
|
0-0: Called Strike 0-1: Ball 1-1: Foul Ball, location: 2F 1-2: Ball 2-2: Strikes out swinging
|
Bottom of the 3rd over - 4 run(s), 3 hit(s), 1 error(s), 0 left on base; Kalamazoo 2 - St Charles 4 |
TOP OF THE 4TH |
Kalamazoo Royale with Cheese batting - Pitching for St Charles Sheens : RHP Bill Hines
|
Batting: LHB Bill McJannett
|
0-0: Called Strike 0-1: Called Strike 0-2: Ball 1-2: Foul Ball, location: 2F 1-2: Strikes out swinging
|
Batting: RHB Jorge Márquez
|
0-0: Ball 1-0: Ball 2-0: Called Strike 2-1: Fly out, F7 (Flyball, 78S)
|
Batting: RHB Pedro Rosado
|
0-0: Ball 1-0: DOUBLE (Flyball, 7LM)
|
Batting: RHB Andy Aiton
|
0-0: Ground out 4-3 (Groundball, 4S)
|
Top of the 4th over - 0 run(s), 1 hit(s), 0 error(s), 1 left on base; Kalamazoo 2 - St Charles 4 |
BOTTOM OF THE 4TH |
St Charles Sheens batting - Pitching for Kalamazoo Royale with Cheese : LHP Salvador Castro
|
Batting: RHB Alfredo Hernández
|
0-0: Called Strike 0-1: Ball 1-1: Hit by Pitch
|
Batting: LHB Larry Howard
|
0-0: Fielders Choice at 2nd, 4-6 (Groundball, 34)
|
Batting: RHB Daniel Robert
|
0-0: Ball 1-0: Ball 2-0: Called Strike 2-1: Fly out, F8 (Flyball, 89M)
|
Batting: RHB Miguel Palácios
|
0-0: Foul Ball, location: 2F 0-1: Foul Ball, location: 2F 0-2: Ball 1-2: Fly out, F4 (Flyball, 4D)
|
Bottom of the 4th over - 0 run(s), 0 hit(s), 0 error(s), 1 left on base; Kalamazoo 2 - St Charles 4 |
TOP OF THE 5TH |
Kalamazoo Royale with Cheese batting - Pitching for St Charles Sheens : RHP Bill Hines
|
Batting: LHB Doyle Otterburn
|
0-0: Called Strike 0-1: Ball 1-1: Called Strike 1-2: Ball 2-2: Foul Ball, location: 2F 2-2: Ball 3-2: Foul Ball, location: 2F 3-2: Base on Balls
|
Batting: LHB Tom Blake
|
0-0: Fly out, F9 (Flyball, 9)
|
Batting: LHB Donovan Bird
|
0-0: Ball 1-0: Called Strike 1-1: 2-RUN HOME RUN (Flyball, 9D), Distance : 422 ft
|
Pitching: RHP Pedro Santiago
|
|
Batting: LHB Roberto Sandoval
|
0-0: Called Strike 0-1: Ball 1-1: SINGLE (Flyball, 9S)
|
Batting: RHB Tae-kwon Kwon
|
0-0: Ball 1-0: Ball 2-0: Called Strike 2-1: Swinging Strike 2-2: Ball 3-2: Foul Ball, location: 2F 3-2: Base on Balls Roberto Sandoval to second
|
Batting: LHB Bill McJannett
|
0-0: Called Strike 0-1: Ball 1-1: Swinging Strike 1-2: Foul Ball, location: 2F 1-2: Foul Ball, location: 2F 1-2: Foul Ball, location: 2F 1-2: SINGLE (Groundball, 4D) Roberto Sandoval to third Tae-kwon Kwon to second Runner from 3rd tries for Home, SAFE, throw made home Tae-kwon Kwon to third Bill McJannett to second
|
Batting: RHB Jorge Márquez
|
0-0: Called Strike 0-1: Ball 1-1: Called Strike 1-2: SINGLE (Groundball, 4D) Tae-kwon Kwon scores Bill McJannett to third Runner from 3rd tries for Home, SAFE, no throw
|
Batting: RHB Pedro Rosado
|
0-0: Called Strike 0-1: Called Strike 0-2: Ball 1-2: Ball 2-2: Strikes out swinging
|
Batting: RHB Andy Aiton
|
0-0: Called Strike 0-1: Ball 1-1: Ball 2-1: Fly out, F4 (Line Drive, 4M)
|
Top of the 5th over - 5 run(s), 4 hit(s), 0 error(s), 1 left on base; Kalamazoo 7 - St Charles 4 |
BOTTOM OF THE 5TH |
St Charles Sheens batting - Pitching for Kalamazoo Royale with Cheese : LHP Salvador Castro
|
Batting: RHB Jesús Hernández
|
0-0: Ball 1-0: Foul Ball, location: 2F 1-1: Called Strike 1-2: Ball 2-2: Ball 3-2: Base on Balls
|
Batting: RHB Bill Little
|
0-0: Called Strike Jesús Hernández is caught stealing 2nd base 0-1: SINGLE (Line Drive, 7LS)
|
Batting: RHB Dan Tyler
|
0-0: Called Strike 0-1: Ball 1-1: Ball 2-1: Foul Ball, location: 2F 2-2: Strikes out swinging
|
Batting: RHB Sergio Pujols
|
0-0: Ball 1-0: Fielders Choice at 2nd, 5-4 (Groundball, 56D)
|
Bottom of the 5th over - 0 run(s), 1 hit(s), 0 error(s), 0 left on base; Kalamazoo 7 - St Charles 4 |
TOP OF THE 6TH |
Kalamazoo Royale with Cheese batting - Pitching for St Charles Sheens : RHP Pedro Santiago
|
Pitching: RHP Irwin Conway
|
|
Batting: LHB Doyle Otterburn
|
0-0: Ball 1-0: Called Strike 1-1: Called Strike 1-2: SINGLE (Flyball, 9LM)
|
Batting: LHB Tom Blake
|
0-0: Ball 1-0: Grounds into double play, 6-4-3 (Groundball, 6)
|
Batting: LHB Donovan Bird
|
0-0: Ball 1-0: Ground out 5-3 (Groundball, 56D)
|
Top of the 6th over - 0 run(s), 1 hit(s), 0 error(s), 0 left on base; Kalamazoo 7 - St Charles 4 |
BOTTOM OF THE 6TH |
St Charles Sheens batting - Pitching for Kalamazoo Royale with Cheese : LHP Salvador Castro
|
Batting: LHB Stan Bates
|
0-0: Ball 1-0: Foul Ball, location: 2F 1-1: Ball 2-1: Called Strike 2-2: Fly out, F8 (Flyball, 8LM)
|
Batting: RHB Alfredo Hernández
|
0-0: Ball 1-0: Called Strike 1-1: Foul Ball, location: 2F 1-2: Ball 2-2: Foul Ball, location: 2F 2-2: Ball 3-2: Strikes out swinging
|
Batting: LHB Larry Howard
|
0-0: Ball 1-0: Called Strike 1-1: Ball 2-1: Swinging Strike 2-2: Fly out, F9 (Flyball, 9S)
|
Bottom of the 6th over - 0 run(s), 0 hit(s), 0 error(s), 0 left on base; Kalamazoo 7 - St Charles 4 |
TOP OF THE 7TH |
Kalamazoo Royale with Cheese batting - Pitching for St Charles Sheens : RHP Irwin Conway
|
Batting: LHB Roberto Sandoval
|
0-0: Called Strike 0-1: Ball 1-1: Ball 2-1: Ball 3-1: Base on Balls
|
Batting: RHB Tae-kwon Kwon
|
0-0: Sac Bunt - play at first, batter OUT! 1-3 Roberto Sandoval to second
|
Batting: LHB Bill McJannett
|
0-0: Intentional Walk
|
Batting: RHB Jorge Márquez
|
0-0: Ball 1-0: SINGLE (Groundball, 4MD) Roberto Sandoval to third Bill McJannett to second Runner from 3rd tries for Home, SAFE, throw made home
|
Batting: RHB Pedro Rosado
|
0-0: Ball 1-0: DOUBLE (Flyball, 78XD) Bill McJannett scores Jorge Márquez to third
|
Batting: RHB Andy Aiton
|
0-0: Foul Ball, location: 2F 0-1: Ball 1-1: Ball 2-1: Foul Ball, location: 2F 2-2: Foul Ball, location: 2F 2-2: SINGLE (Groundball, 56D) Jorge Márquez scores Pedro Rosado to third Runner from 3rd tries for Home, SAFE, no throw
|
Pitching: RHP Alejandro Longoria
|
|
Batting: LHB Doyle Otterburn
|
0-0: Called Strike Andy Aiton steals 2nd base 0-1: Ball 1-1: Ball 2-1: Ball 3-1: Base on Balls
|
Batting: LHB Tom Blake
|
0-0: Ball 1-0: Ball 2-0: Ball 3-0: Called Strike 3-1: Swinging Strike 3-2: Base on Balls Andy Aiton to third Doyle Otterburn to second
|
Batting: LHB Donovan Bird
|
0-0: Fly out, F7 (Line Drive, 7D) Runner from 3rd tags up, SCORES, no throw
|
Batting: LHB Roberto Sandoval
|
0-0: Swinging Strike 0-1: Called Strike 0-2: Strikes out swinging, 2-3 out at first.
|
Top of the 7th over - 5 run(s), 3 hit(s), 0 error(s), 2 left on base; Kalamazoo 12 - St Charles 4 |
BOTTOM OF THE 7TH |
St Charles Sheens batting - Pitching for Kalamazoo Royale with Cheese : LHP Salvador Castro
|
Batting: RHB Daniel Robert
|
0-0: SINGLE (Groundball, 3D)
|
Pitching: LHP Terry Klassen
|
|
Batting: RHB Miguel Palácios
|
0-0: Ball 1-0: Ball 2-0: Called Strike 2-1: SINGLE (Flyball, 89S) Daniel Robert to second
|
Batting: RHB Jesús Hernández
|
0-0: Ball 1-0: Fly out, F7 (Flyball, 7S)
|
Batting: RHB Bill Little
|
0-0: Ball 1-0: Foul Ball, location: 2F 1-1: Ball 2-1: Fly out, F8 (Flyball, 8LM)
|
Batting: RHB Dan Tyler
|
0-0: Ball 1-0: Ball 2-0: Ball 3-0: Base on Balls Daniel Robert to third Miguel Palácios to second
|
Batting: RHB Sergio Pujols
|
0-0: Ball 1-0: Ball 2-0: Ball 3-0: Base on Balls Daniel Robert scores Miguel Palácios to third Dan Tyler to second
|
Batting: LHB Stan Bates
|
0-0: Called Strike 0-1: Ball 1-1: Ground out 1-3 (Groundball, 13S)
|
Bottom of the 7th over - 1 run(s), 2 hit(s), 0 error(s), 3 left on base; Kalamazoo 12 - St Charles 5 |
TOP OF THE 8TH |
Kalamazoo Royale with Cheese batting - Pitching for St Charles Sheens : RHP Alejandro Longoria
|
Batting: RHB Tae-kwon Kwon
|
0-0: Foul Ball, location: 2F 0-1: Ball 1-1: Fly out, F9 (Flyball, 9S)
|
Batting: LHB Bill McJannett
|
0-0: Ball 1-0: SINGLE (Groundball, 34D)
|
Batting: RHB Jorge Márquez
|
0-0: Ball 1-0: Ball 2-0: Foul Ball, location: 2F 2-1: SINGLE (Groundball, 56D) Bill McJannett to second
|
Batting: RHB Pedro Rosado
|
0-0: Ball 1-0: Swinging Strike 1-1: Ball 2-1: Swinging Strike 2-2: Foul Ball, location: 2F 2-2: DOUBLE (Line Drive, 7LD) Bill McJannett scores Jorge Márquez to third
|
Batting: RHB Andy Aiton
|
0-0: Ball 1-0: Swinging Strike 1-1: Ball 2-1: Ball 3-1: Base on Balls
|
Batting: LHB Doyle Otterburn
|
0-0: Ball 1-0: Ball 2-0: Ball 3-0: Base on Balls Jorge Márquez scores Pedro Rosado to third Andy Aiton to second
|
Batting: LHB Tom Blake
|
0-0: Foul Ball, location: 2F 0-1: Called Strike 0-2: Strikes out swinging
|
Batting: LHB Donovan Bird
|
0-0: Ball 1-0: Ball 2-0: Ball 3-0: Called Strike 3-1: Foul Ball, location: 2F 3-2: Base on Balls Pedro Rosado scores Andy Aiton to third Doyle Otterburn to second
|
Pinch Hitting: RHB Felipe Rivera
|
0-0: Called Strike 0-1: Swinging Strike 0-2: Ball 1-2: SINGLE (Line Drive, 3S) Andy Aiton scores Doyle Otterburn to third Donovan Bird to second Runner from 3rd tries for Home, SAFE, throw made home Donovan Bird to third Felipe Rivera to second
|
Pitching: RHP Jeff Lynn
|
|
Batting: RHB Tae-kwon Kwon
|
0-0: Ball 1-0: Ball 2-0: Foul Ball, location: 2F 2-1: Ground out 5-3 (Groundball, 56)
|
Top of the 8th over - 5 run(s), 4 hit(s), 0 error(s), 2 left on base; Kalamazoo 17 - St Charles 5 |
BOTTOM OF THE 8TH |
St Charles Sheens batting - Pitching for Kalamazoo Royale with Cheese : LHP Terry Klassen
|
Now at 3B: Miguel Encarnación
|
|
Batting: RHB Alfredo Hernández
|
0-0: Fly out, F3 (Line Drive, 34)
|
Batting: LHB Larry Howard
|
0-0: Ball 1-0: Ball 2-0: Ball 3-0: Foul Ball, location: 2F 3-1: Called Strike 3-2: Ground out 6-3 (Groundball, 6)
|
Batting: RHB Daniel Robert
|
0-0: Foul Ball, location: 2F 0-1: Ball 1-1: Ball 2-1: SINGLE (Flyball, 89S)
|
Batting: RHB Miguel Palácios
|
0-0: Ball 1-0: Foul Ball, location: 2F 1-1: Ground out 5-3 (Groundball, 2L)
|
Bottom of the 8th over - 0 run(s), 1 hit(s), 0 error(s), 1 left on base; Kalamazoo 17 - St Charles 5 |
TOP OF THE 9TH |
Kalamazoo Royale with Cheese batting - Pitching for St Charles Sheens : RHP Jeff Lynn
|
Batting: LHB Bill McJannett
|
0-0: Foul Ball, location: 2F 0-1: Ball 1-1: Ball 2-1: Swinging Strike 2-2: Foul Ball, location: 2F 2-2: Ball 3-2: Strikes out looking
|
Batting: RHB Jorge Márquez
|
0-0: Swinging Strike 0-1: SINGLE (Line Drive, 7S)
|
Batting: RHB Pedro Rosado
|
0-0: Ball 1-0: Fielders Choice at 2nd, 1-4 (Groundball, 15S)
|
Batting: RHB Andy Aiton
|
0-0: Called Strike 0-1: Called Strike 0-2: Ball Pedro Rosado steals 2nd base 1-2: Foul Ball, location: 2F 1-2: Fly out, F9 (Flyball, 9LS)
|
Top of the 9th over - 0 run(s), 1 hit(s), 0 error(s), 1 left on base; Kalamazoo 17 - St Charles 5 |
BOTTOM OF THE 9TH |
St Charles Sheens batting - Pitching for Kalamazoo Royale with Cheese : LHP Terry Klassen
|
Batting: RHB Jesús Hernández
|
0-0: Called Strike 0-1: Ball 1-1: Called Strike 1-2: Foul Ball, location: 2F 1-2: Ground out 6-3 (Groundball, 6)
|
Pinch Hitting: RHB Max Rash
|
0-0: Ball 1-0: Fly out, F9 (Flyball, 9D)
|
Batting: RHB Dan Tyler
|
0-0: Ball 1-0: Fly out, F8 (Line Drive, 78M)
|
Bottom of the 9th over - 0 run(s), 0 hit(s), 0 error(s), 0 left on base; Kalamazoo 17 - St Charles 5 |
|